 Dungeon Crawl Stone Soup version 0.27.0-1-g7a089689b8 (webtiles) character file.

Game seed: 8087026660633459304

43 SnakkuSnakku7 the Slasher (level 3, 0/19 (20) HPs)
             Began as a Deep Elf Gladiator on Aug 3, 2021.
             Succumbed to an adder's poison
             ... on level 2 of the Dungeon.
             The game lasted 00:01:31 (1841 turns).

SnakkuSnakku7 the Slasher (Deep Elf Gladiator)      Turns: 1841, Time: 00:01:31

HP:   0/19 (20)     AC: 11    Str: 12    XL:     3   Next: 37%
MP:   5/5           EV:  3    Int: 12    God:
Gold: 81            SH:  0    Dex: 16    Spells: 2/2 levels left

rFire    . . .     SeeInvis .   a - +0 long sword
rCold    . . .     Faith    .   (no shield)
rNeg     . . .     Spirit   .   g - +0 plate armour
rPois    .         Reflect  .   c - +0 helmet
rElec    .         Harm     .   (no cloak)
rCorr    .         Rampage  .   (no gloves)
Will     .....                  (no boots)
Stlth    ..........             (no amulet)
HPRegen  0.06/turn              (no ring)
MPRegen  0.09/turn              (no ring)

@: lethally poisoned (0 -> -6), drained
A: no striking features
a: no special abilities


You were on level 2 of the Dungeon.
You visited 1 branch of the dungeon, and saw 2 of its levels.

You collected 81 gold pieces.

Inventory:

Hand Weapons
 a - a +0 long sword (weapon)
Missiles
 d - 3 throwing nets (quivered)
Armour
 b - a +0 leather armour
 c - a +0 helmet (worn)
 g - a +0 plate armour (worn)
Scrolls
 e - a scroll of identify {unknown}
 j - a scroll of magic mapping {unknown}
Potions
 f - 3 potions of curing {unknown}
 h - a potion of brilliance {unknown}
 i - a potion of attraction {unknown}


   Skills:
 - Level 1.5 Fighting
 + Level 4.1 Long Blades
 - Level 2.0 Throwing
 - Level 3.6 Dodging


You had 2 spell levels left.
You didn't know any spells.
Your spell library contained the following spells:

 Spells                   Type           Power      Damage    Failure   Level
 Gell's Gravitas          Tloc           0%         N/A       100%        3
 Lesser Beckoning         Tloc           0%         N/A       100%        3
 Teleport Other           Tloc           0%         N/A       100%        3


Dungeon Overview and Level Annotations

Branches:
Dungeon (2/15)

Altars:


Message History

You hit the adder.
The adder is heavily wounded.
The adder bites you but does no damage. x2
You closely miss the adder.
The adder is heavily wounded.
The adder barely misses you.
You miss the adder.
The adder is heavily wounded.
The adder barely misses you. The adder completely misses you.
You hit the adder.
The adder is almost dead.
The adder bites you but does no damage.
You barely miss the adder.
The adder is almost dead.
The adder bites you.
You are poisoned.
The adder poisons you! The adder bites you but does no damage.
You barely miss the adder.
The adder is almost dead.
You feel sick. The adder bites you.
You completely miss the adder.
The adder is almost dead.
You feel sick. The adder bites you. x2
You are lethally poisoned!
The adder poisons you!
You miss the adder.
The adder is almost dead.
* * * LOW HITPOINT WARNING * * *
You feel very sick. The adder bites you.
* * * LOW HITPOINT WARNING * * *
Unknown command.
You barely miss the adder.
The adder is almost dead.
* * * LOW HITPOINT WARNING * * *
You feel sick.
The adder bites you but does no damage. x2
Unknown command.
You slash the adder!
You kill the adder!
You die...

#..#..##.....#####.......#..#
#....##8..#### #.......##.#
..#..###..# #.......# .#
.#...#.#..# #.......# #
.#....##...$ #..###...
#.##...##.##. #..# ###..
.#.###..#.##..###.# ##
#######.#.# #.<...######
..........# ##@.......
#.#..#.########..###....
.#.....................
........................
###.#####.###.######...< #.
#..##.# ..) # ##.##.# ..
#....# # ######


There were no monsters in sight!

Vanquished Creatures
  An adder (D:2)
  3 orcs (D:2)
  2 ball pythons
  3 endoplasms (D:1)
  A giant cockroach (D:1)
  4 goblins
  3 hobgoblins
  3 jackals (D:1)
  2 quokkas (D:1)
  7 bats
  A frilled lizard (D:1)
  2 kobolds (D:1)
  4 rats (D:1)
36 creatures vanquished.

Notes
Turn   | Place    | Note
-------+----------+-------------------------------------------
     0 | D:1      | SnakkuSnakku7 the Deep Elf Gladiator began the quest for
                  | the Orb.
     0 | D:1      | Reached XP level 1. HP: 12/12 MP: 3/3
    72 | D:1      | Reached skill level 3 in Long Blades
   269 | D:1      | Reached XP level 2. HP: 16/16 MP: 4/4
  1406 | D:1      | Reached XP level 3. HP: 19/19 MP: 5/5
  1488 | D:1      | Found a faded altar of an unknown god.
  1635 | D:2      | Reached skill level 4 in Long Blades
  1841 | D:2      | Succumbed to an adder's poison

Illustrated notes

Levels and vault maps discovered:
D:1:      minmay_arrival_up_and_down, layout_loops_ring,
          shapermc_ecumenical_altar_mp_urbaneastern, minmay_misc_feat_tiny
D:2:      layout_rooms, guppyfry_early_orc_mine, uniq_crazy_yiuf_cottage,
          uniq_natasha

Skill      XL: |  1  2  3 |
---------------+----------+-----
Long Blades    | 3 4 |  4.1
Fighting       | |  1.5
Throwing       | |  2.0
Dodging        | |  3.6

Action                   || total
-------------------------++-------
Melee: Long sword        ||   125
 Stab: Sleeping          ||     1
Armor: Leather armour    ||     8
       Plate armour      ||   129
Dodge: Dodged            ||    36
       Rpst.: Long sword ||    16
